AoeStats
← W1ndmor

Arena

505117016Analyzed
2v2 RM · 26d ago on Sep 7, 2026· 46m 46s· 4 players
Game mode
Random Map
Map size
Medium (4 player)
Population
200
Speed
Normal
Resources
Standard
Victory
Conquest
Starting age
Dark Age
Ending age
Imperial Age
RankedLock teamsTeams togetherTeam positionsShared explorationLock speedFull tech treeHidden civsTurbo modeCheats
Victory
Defeat
🇹🇷 Japanese · Türkiye
868
+11
🇹🇷 Koreans · Türkiye
868
+11
🇹🇷 Japanese · Türkiye
774
-11
🇹🇷 Turks · Türkiye
760
-11
RVND
12:07 Feudal Age
12:34 Double-Bit Axe
12:33 Horse Collar
21:19 Castle Age
21:05 Scale Mail Armor
21:16 Forging
20:57 Arson
22:15 Heavy Plow
22:29 Bow Saw
22:11 Gold Mining
22:11 Stone Mining
25:18 Iron Casting
25:13 Pikeman
25:54 Squires
26:26 Chain Mail Armor
29:11 Gold Shaft Mining
28:27 Stone Mining
29:20 Wheelbarrow
33:05 Imperial Age
33:14 Elite Samurai
34:17 Kataparuto
35:39 Blast Furnace
35:09 Plate Mail Armor
35:12 Yasama
W1ndmor
7:09 Loom
10:19 Feudal Age
11:18 Double-Bit Axe
11:15 Horse Collar
11:57 Stone Mining
15:50 Wheelbarrow
16:41 Gold Mining
21:19 Castle Age
23:33 Bow Saw
23:26 Heavy Plow
24:05 Stone Shaft Mining
24:07 Gold Shaft Mining
24:49 Hand Cart
24:30 Fletching
27:31 Bodkin Arrow
29:44 Ballistics
32:52 Imperial Age
33:48 Bracer
35:28 Two-Man Saw
34:49 Elite War Wagon
Recepkara53
0:31 Loom
11:53 Feudal Age
13:12 Wheelbarrow
12:50 Double-Bit Axe
13:31 Horse Collar
16:45 Gold Mining
21:18 Stone Mining
23:43 Castle Age
23:57 Scale Barding Armor
23:56 Scale Mail Armor
24:07 Forging
23:48 Fletching
23:59 Padded Archer Armor
26:42 Gold Shaft Mining
26:39 Heavy Plow
27:25 Bow Saw
29:18 Hand Cart
29:23 Caravan
30:21 Husbandry
30:32 Bloodlines
32:28 Coinage
35:46 Imperial Age
36:45 Ballistics
36:36 Artillery
38:18 Banking
37:59 Guilds
37:48 Elite Janissary
Mertcan53
0:42 Loom
12:46 Feudal Age
14:12 Wheelbarrow
13:43 Horse Collar
14:34 Double-Bit Axe
16:16 Scale Barding Armor
19:00 Gold Mining
19:03 Stone Mining
19:31 Bloodlines
24:17 Castle Age
22:51 Forging
23:10 Scale Mail Armor
24:01 Fletching
25:25 Bow Saw
25:20 Heavy Plow
25:38 Hand Cart
25:32 Husbandry
25:40 Padded Archer Armor
25:19 Light Cavalry
27:17 Chain Barding Armor
29:17 Gold Shaft Mining
34:07 Leather Archer Armor
34:17 Bodkin Arrow
35:39 Yasama
38:16 Imperial Age
35:58 Pikeman
37:56 Ballistics
37:32 Murder Holes
37:53 Masonry
39:25 Kataparuto
38:38 Crossbowman
39:58 Ring Archer Armor
38:56 Elite Skirmisher
39:10 Elite Samurai
42:17 Two-Man Saw
42:33 Bracer
42:49 Chain Mail Armor
44:59 Chemistry
44:10 Fortified Wall
Connection lost

Rejoining the realm…

Still unreachable

The connection could not be restored.

Session expired

The server has moved on; the page needs a fresh start.